 Dungeon Crawl Stone Soup version 0.31-a0-174-g85c54bcb58 (webtiles) character file.

Game seed: 16154125979397883394

37 qw the Shooter (level 3, -8/32 HPs)
             Began as a Naga Hunter on June 15, 2023.
             Mangled by a gnoll
             ... wielding a +0 flail
              (9 damage)
             ... on level 2 of the Dungeon.
             The game lasted 00:00:18 (941 turns).

qw the Shooter (Naga Hunter)                         Turns: 941, Time: 00:00:19

Health: -8/32      AC:  2    Str: 13    XL:     3   Next: 39%
Magic:  3/3        EV:  9    Int:  9    God:
Gold:   113        SH:  0    Dex: 16    Spells: 2/2 levels left

rFire   . . .        Y - +1 shortbow
rCold   . . .        (shield currently unavailable)
rNeg    . . .        c - +0 leather armour
rPois   +            (no helmet)
rElec   .            (no cloak)
rCorr   .            (no gloves)
SInv    +            (no barding)
Will    .....        (no amulet)
Stlth   ++           (no ring)
HPRegen 0.25/turn    (no ring)
MPRegen 0.08/turn

%: no passive effects
@: about to teleport, short of breath, very slow
A: AC +1, large, see invisible, deformed body, poison resistance, slowness 2,
spit poison 1, naga tail 1
a: Spit Poison


You were on level 2 of the Dungeon.
You visited 1 branch of the dungeon, and saw 2 of its levels.

You collected 113 gold pieces.


Innate Abilities, Weirdness & Mutations

Your serpentine skin is tough. (AC +1)
You have supernaturally acute eyesight. (SInv)
Armour fits poorly on your strangely shaped body.
Your system is resistant to poisons. (rPois)
You cover ground very slowly.
You can spit poison.
You have a snake-like lower body.


   Skills:
 - Level 2.0 Fighting
 + Level 4.6 Ranged Weapons
 - Level 1.5 Dodging
 - Level 1.5 Stealth


You had 2 spell levels left.
You didn't know any spells.
Your spell library was empty.

Inventory:

Hand Weapons
 Y - a +1 shortbow (weapon)
Armour
 c - a +0 leather armour (worn)
Jewellery
 b - an amulet of reflection
Scrolls
 a - a scroll of identify
 d - a scroll of brand weapon {unknown}
Potions
 e - a potion of degeneration {unknown}
 i - 2 potions of heal wounds {unknown}
 l - a potion of resistance {unknown}

Dungeon Overview and Level Annotations

Branches:
Dungeon (2/15)

Altars:


Message History

The kobold shouts!
The arrow hits the gnoll!
The gnoll is almost dead.
932 ||| INVOKING Spit Poison.
Aiming: Spit Poison (2% risk of failure)
Press: ? - help, Shift-Dir - straight line, f/p - gnoll The splash of poison hits the gnoll.
The gnoll is poisoned.
You kill the gnoll!
You hear a shout!
A gnoll comes into view. It is wielding a +0 flail.
You hear a shout!
You shoot an arrow. The arrow barely misses the kobold.
You hear a shout!
You shoot an arrow. The arrow hits the kobold.
You kill the kobold!
You shoot an arrow. The arrow closely misses the gnoll.
You shoot an arrow. The arrow closely misses the gnoll.
You shoot an arrow. The arrow closely misses the gnoll.
The gnoll hits you with a +0 flail.
A gnoll comes into view. It is wielding a +0 spear.
You shoot an arrow. The arrow hits the gnoll.
The gnoll is heavily wounded.
You have got your breath back.
The gnoll hits you with a +0 flail.
939 ||| INVOKING Spit Poison.
Aiming: Spit Poison (2% risk of failure)
Press: ? - help, Shift-Dir - straight line, f/p - gnoll The splash of poison misses the gnoll. x2
The gnoll hits you with a +0 flail.
A gnoll comes into view. It is wielding a +0 whip.
You shoot an arrow. The arrow hits the gnoll.
The gnoll is almost dead.
The gnoll hits you from afar with a +0 spear!
The gnoll hits you with a +0 flail!
941 ||| READING scroll of teleportation.
As you read the scroll of teleportation, it crumbles to dust.
You feel strangely unstable.
The gnoll hits you from afar with a +0 spear.
The gnoll hits you with a +0 flail!
You die...

..........######...###
..........# #..##
..........# ####.##
..........###...%#
...........#..##.#####
#####.....#..........
#................
...#####.....>..........
..)).g.@.....#####....##
.....g.g.:...# #....#
..........#### #....#
###.......# #....#
#.......# #....#
#.......# #....#
#.......# #....#
######### #....# ######


You could see 3 gnolls.

Vanquished Creatures
  A gnoll (D:2)
  A dart slug (D:2)
  2 giant cockroaches (D:1)
  5 goblins
  3 hobgoblins (D:1)
  3 kobolds
  3 ball pythons (D:1)
  3 bats
  2 frilled lizards
  2 rats (D:1)
25 creatures vanquished.

Notes
Turn   | Place    | Note
-------+----------+-------------------------------------------
     0 | D:1      | qw the Naga Hunter began the quest for the Orb.
     0 | D:1      | Reached XP level 1. HP: 19/19 MP: 1/1
     0 | D:1      | 0 ||| qw: Version: 0.2-a-29-g511e9b1
     0 | D:1      | 0 ||| qw: Game counter: 5225
     0 | D:1      | 0 ||| qw: Always use a shield: true
     0 | D:1      | 0 ||| qw: God list: Okawaru
     0 | D:1      | 0 ||| qw: Allow faded altars: false
     0 | D:1      | 0 ||| qw: Do Orc after D:15 true
     0 | D:1      | 0 ||| qw: Do second Lair branch before Depths: true
     0 | D:1      | 0 ||| qw: Lair rune preference: random
     0 | D:1      | 0 ||| qw: Plans: Normal
     0 | D:1      | 0 ||| PLANNING D:1-11
    16 | D:1      | 16 ||| INVOKING Spit Poison.
    82 | D:1      | 82 ||| INVOKING Spit Poison.
   115 | D:1      | 115 ||| INVOKING Spit Poison.
   120 | D:1      | 120 ||| INVOKING Spit Poison.
   154 | D:1      | 154 ||| INVOKING Spit Poison.
   155 | D:1      | Reached skill level 4 in Ranged Weapons
   155 | D:1      | Reached XP level 2. HP: 26/26 MP: 2/2
   178 | D:1      | 178 ||| INVOKING Spit Poison.
   232 | D:1      | 232 ||| INVOKING Spit Poison.
   335 | D:1      | 335 ||| INVOKING Spit Poison.
   343 | D:1      | 343 ||| INVOKING Spit Poison.
   346 | D:1      | 346 ||| INVOKING Spit Poison.
   406 | D:1      | 406 ||| INVOKING Spit Poison.
   456 | D:1      | 456 ||| INVOKING Spit Poison.
   467 | D:1      | 467 ||| INVOKING Spit Poison.
   666 | D:1      | 666 ||| DROPPING amulet of magic regeneration.
   667 | D:1      | 667 ||| READING 3 scrolls labelled ELAPHI MIUREYGH.
   668 | D:1      | 668 ||| READING scroll labelled ONEWNONIUR.
   669 | D:1      | 669 ||| READING 2 scrolls labelled GAARYE SIAHAPH.
   673 | D:1      | 673 ||| READING scroll labelled JAEFUFE GENYIX.
   674 | D:1      | 674 ||| READING scroll labelled WITOSI JEXTEH.
   675 | D:1      | 675 ||| READING 2 scrolls of identify.
   675 | D:1      | 675 ||| IDENTIFYING bubbling golden potion
   676 | D:1      | 676 ||| DROPPING scroll of butterflies.
   677 | D:1      | 677 ||| DROPPING potion of invisibility.
   718 | D:2      | 718 ||| INVOKING Spit Poison.
   750 | D:2      | 750 ||| INVOKING Spit Poison.
   751 | D:2      | Reached XP level 3. HP: 32/32 MP: 3/3
   795 | D:2      | 795 ||| INVOKING Spit Poison.
   890 | D:2      | 890 ||| INVOKING Spit Poison.
   932 | D:2      | 932 ||| INVOKING Spit Poison.
   939 | D:2      | 939 ||| INVOKING Spit Poison.
   940 | D:2      | HP: 4/32 [gnoll/+0 flail (7)]
   941 | D:2      | 941 ||| READING scroll of teleportation.
   941 | D:2      | HP: 1/32 [gnoll/+0 spear (4)]
   941 | D:2      | Mangled by a gnoll

Levels and vault maps discovered:
D:1:      sevenhm_arrival_forest_fort_large_4, layout_basic,
          minmay_shallow_snake_nest
D:2:      layout_basic

Skill      XL: |  1 |
---------------+----+-----
Ranged Weapons | 4 |  4.6
Fighting       | |  2.0
Dodging        | |  1.5
Stealth        | |  1.5

Action                     || total
---------------------------++-------
   Fire: Shortbow          ||    36
Ability: Spit Poison       ||    19
    Use: Scroll            ||     7
 Armour: Leather armour    ||     3
  Dodge: Dodged            ||     5

Table legend:
 A = Non-vault XP
 B = Vault XP
 C = Vault XP percentage of total XP
 D = Non-vault monster count
 E = Vault monster count
 F = Vault count percentage of total count
                 A         B        C        D         E       F
            +---------+---------+-------+---------+---------+-------
      Total |      50 |       3 |   5.7 |      23 |       2 |   8.0
            +---------+---------+-------+---------+---------+-------
        D:1 |      26 |       3 |  10.3 |      16 |       2 |  11.1
        D:2 |      24 |       0 |   0.0 |       7 |       0 |   0.0
            +---------+---------+-------+---------+---------+-------
